AoeStats
← billigertheurer

MegaRandom

510164776Analyzed
2v2 RM · 18h ago on Sep 29, 2026· 30m 20s· 4 players
Game mode
Random Map
Map size
Medium (4 player)
Population
200
Speed
Normal
Resources
Standard
Victory
Conquest
Starting age
Dark Age
Ending age
Imperial Age
RankedLock teamsTeams togetherTeam positionsShared explorationLock speedFull tech treeHidden civsTurbo modeCheats
Victory
Defeat
🇩🇪 Malay · Germany
676
+7
🇬🇧 Magyars · United Kingdom
535
+12
🇩🇪 Teutons · Germany
502
-11
🇺🇸 Huns · United States
413
-8
billigertheurer
13:38 Feudal Age
15:11 Wheelbarrow
17:12 Double-Bit Axe
17:10 Fishing Lines
17:37 Horse Collar
19:18 Gold Mining
20:07 Stone Mining
25:14 Loom
26:48 Loom
27:20 Town Watch
32:10 Castle Age
30:04 Arson
ChefDaniel2079
8:38 Loom
15:49 Feudal Age
19:05 Town Watch
20:10 Wheelbarrow
20:23 Fishing Lines
PersianStallion
11:07 Feudal Age
12:34 Wheelbarrow
11:57 Double-Bit Axe
19:16 Horse Collar
23:39 Castle Age
22:04 Stone Mining
28:20 Gold Mining
30:08 Hand Cart
29:59 Heavy Plow
30:39 Gold Shaft Mining
30:15 Bow Saw
heffenstinner
0:28 Loom
12:42 Feudal Age
17:49 Double-Bit Axe
17:49 Horse Collar
21:47 Castle Age
24:58 Wheelbarrow
26:53 Stone Mining
29:21 Stone Shaft Mining
Connection lost

Rejoining the realm…

Still unreachable

The connection could not be restored.

Session expired

The server has moved on; the page needs a fresh start.